 Dungeon Crawl Stone Soup version 0.23.2-1-ga50397a (webtiles) character file.

Game seed: 14538957567296574079

1017 Borgoz the Cudgeler (level 8, -14/49 HPs)
             Began as a Gargoyle Gladiator on May 15, 2019.
             Demolished by an ogre
             ... wielding a +0 giant club
              (20 damage)
             ... on level 5 of the Dungeon.
             The game lasted 00:08:16 (4147 turns).

Borgoz the Cudgeler (Gargoyle Gladiator)            Turns: 4147, Time: 00:08:17

Health: -14/49     AC: 19    Str: 17    XL:     8   Next: 22%
Magic:  8/8        EV:  8    Int: 10    God:
Gold:   235        SH:  0    Dex: 13    Spells: 7/7 levels left

rFire    . . .     SeeInvis .   a - +1 flail
rCold    . . .     Gourm    .   (no shield)
rNeg     + . .     Faith    .   b - +0 plate armour
rPois    ∞         Spirit   .   c - +1 helmet
rElec    +         Reflect  .   (no cloak)
rCorr    +         Harm     .   (no gloves)
MR       .....                  (no boots)
Stlth    ..........             (no amulet)
HPRegen  0.16/turn              r - +2 ring of evasion
MPRegen  0.11/turn              n - ring of resist corrosion

@: no status effects
A: negative energy resistance 1, electricity resistance, unbreathing,
petrification resistance, rot immunity, AC +5
a: no special abilities


You were on level 5 of the Dungeon.
You were not hungry.

You visited 1 branch of the dungeon, and saw 5 of its levels.

You collected 235 gold pieces.

Inventory:

Hand Weapons
 a - a +1 flail (weapon)
Armour
 b - a +0 plate armour (worn)
 c - a +1 helmet (worn)
Jewellery
 n - a ring of resist corrosion (right hand)
 q - an uncursed ring of wizardry
 r - a +2 ring of evasion (left hand)
Wands
 l - a wand of random effects (11)
 u - a wand of clouds (4)
 z - a wand of flame (10)
Scrolls
 e - a scroll of teleportation
 o - 6 scrolls of remove curse
 p - a scroll of fear
 w - a scroll of identify
 y - a scroll of amnesia {unknown}
Potions
 d - a potion of agility {unknown}
 h - 8 potions of curing
 i - a potion of heal wounds
 j - 3 potions of mutation {unknown}
 k - a potion of resistance {unknown}
 m - a potion of cancellation
 s - a potion of might {unknown}
 t - a potion of ambrosia {unknown}
 v - a potion of brilliance
 x - 2 potions of degeneration {unknown}
Comestibles
 f - 8 rations


   Skills:
 + Level 5.0 Fighting
 * Level 6.6 Maces & Flails
 - Level 1.7 Throwing
 + Level 4.2 Armour
 + Level 4.1 Dodging


You had 7 spell levels left.
You didn't know any spells.
Your spell library was empty.

Dungeon Overview and Level Annotations

Branches:
Dungeon (5/15)
 Temple: D:4-7

Altars:
Elyvilon
Gozag
Makhleb
Nemelex Xobeh
Ru
Sif Muna
Yredelemnul
Zin

Shops:
D:4 }?[(:


Innate Abilities, Weirdness & Mutations

You are resistant to torment.
Your stone body is resilient. (AC +5)
You are immune to poison.
You resist negative energy. (rN+)
You are resistant to electric shocks. (rElec)
You can survive without breathing.
You are immune to petrification.
You are immune to rotting.


Message History

The ogre hits you with a +0 giant club!
You sock the ogre!
The ogre is heavily wounded.
The ogre completely misses you.
You hit the ogre.
The ogre is severely wounded.
The ogre hits you with a +0 giant club.
Your plate armour prevents you from hitting the ogre.
The ogre is severely wounded.
You hit the ogre.
The ogre is almost dead.
The ogre hits you with a +0 giant club!
You hit the ogre but do no damage.
The ogre is severely wounded.
The ogre hits you with a +0 giant club!!
* * * LOW HITPOINT WARNING * * *
You hit the ogre.
The ogre is severely wounded.
The ogre hits you with a +0 giant club!!
You die...

### ..# #.#
#.# #.# #.#
###########
#.#
#.........#
#.#
#.######..#
#.#######.#
#@.#
#.........#
#O.#
###.#####.#
#..# #.#
#.# #..#
#># #..
#..# #.#
#... #..#.
#.# #####
#..## #.#
#..#
###.#####


You could see an ogre.

Vanquished Creatures
  3 ogres
  A centaur (D:5)
  Blork the orc (D:5)
  3 scorpions (D:4)
  2 crimson imps (D:5)
  An orc wizard (D:3)
  A centaur skeleton (D:4)
  An iguana (D:4)
  2 worker ants
  2 hound skeletons (D:4)
  A worker ant zombie (D:5)
  7 gnolls (D:3)
  A howler monkey skeleton (D:3)
  6 adders
  2 adder zombies
  An ooze (D:2)
  2 adder skeletons
  2 worms (D:2)
  2 dart slugs
  9 orcs (D:3)
  4 giant cockroaches
  5 goblins
  4 hobgoblins
  3 jackals (D:1)
  9 kobolds
  4 quokkas
  A ball python (D:2)
  15 bats
  4 frilled lizards
  A jackal skeleton (D:5)
  A leopard gecko skeleton (D:4)
  7 rats
108 creatures vanquished.

Notes
Turn   | Place    | Note
-------+----------+-------------------------------------------
     0 | D:1      | Borgoz the Gargoyle Gladiator began the quest for the Orb.
     0 | D:1      | Reached XP level 1. HP: 12/12 MP: 1/1
   172 | D:1      | Reached XP level 2. HP: 18/18 MP: 2/2
   371 | D:1      | Reached skill level 1 in Armour
   375 | D:1      | Reached XP level 3. HP: 19/22 MP: 3/3
   885 | D:2      | Reached XP level 4. HP: 25/27 MP: 4/4
   889 | D:2      | Found a basalt altar of Yredelemnul.
   953 | D:2      | Found an opulent altar of Gozag.
   954 | D:2      | Found a glowing silver altar of Zin.
  1603 | D:3      | Found a sparkling altar of Nemelex Xobeh.
  1683 | D:3      | Reached skill level 4 in Maces & Flails
  1707 | D:3      | Reached XP level 5. HP: 16/32 MP: 5/5
  2001 | D:3      | Reached XP level 6. HP: 36/37 MP: 6/6
  2196 | D:4      | Found Isexy's Book Shoppe.
  2289 | D:4      | Reached skill level 5 in Maces & Flails
  2495 | D:4      | Found a burning altar of Makhleb.
  2495 | D:4      | Found a white marble altar of Elyvilon.
  2495 | D:4      | Found a deep blue altar of Sif Muna.
  2526 | D:4      | Reached XP level 7. HP: 40/43 MP: 7/7
  2560 | D:4      | Found Cuatacepp's Gadget Boutique.
  2586 | D:4      | Found Oppue's Magic Scroll Shoppe.
  2987 | D:4      | Found Farink's Antique Weapon Boutique.
  3048 | D:4      | Found Musa's Armour Shoppe.
  3304 | D:5      | Entered Level 5 of the Dungeon
  3498 | D:5      | Reached skill level 6 in Maces & Flails
  3542 | D:5      | Noticed Blork the orc
  3555 | D:5      | Killed Blork the orc
  3555 | D:5      | Reached XP level 8. HP: 24/48 MP: 8/8
  3996 | D:5      | Reached skill level 5 in Fighting
  4007 | D:5      | Found a sacrificial altar of Ru.
  4099 | D:5      | Found a glowing silver altar of Zin.
  4147 | D:5      | Demolished by an ogre

Skill      XL: |  1  2  3  4  5  6  7  8 |
---------------+-------------------------+-----
Armour         | 1 2 3 4 |  4.2
Fighting       | 3 4 5 |  5.0
Maces & Flails | 4 5 6 |  6.6
Dodging        | 3 4 |  4.1
Throwing       | |  1.7

Action                   |  1- 3 |  4- 6 |  7- 9 || total
-------------------------+-------+-------+-------++-------
Melee: Flail             |   107 |   217 |   181 ||   505
Throw: Throwing net      |       |     2 |     1 ||     3
  Use: Scroll            |     6 |     5 |     1 ||    12
       Potion            |       |     2 |     1 ||     3
 Stab: Held in net/web   |       |     1 |     1 ||     2
  Eat: Chunk             |       |     6 |     5 ||    11
Armor: Leather armour    |    67 |       |       ||    67
       Ring mail         |     1 |       |       ||     1
       Plate armour      |       |   228 |    93 ||   321
Dodge: Dodged            |   121 |   124 |    67 ||   312
